 Dungeon Crawl Stone Soup version 0.30.1-11-g7821555f0a (webtiles) character file.

Game seed: 8365693933624608213

19 CaptainMV the Sneak (level 2, -2/28 HPs)
             Began as a Naga Wanderer on Jan 16, 2024.
             Slain by a hobgoblin (4 damage)
             ... on level 1 of the Dungeon.
             The game lasted 00:03:33 (536 turns).

CaptainMV the Sneak (Naga Wanderer)                  Turns: 536, Time: 00:03:34

Health: -2/28      AC:  2    Str: 12    XL:     2   Next: 75%
Magic:  2/2        EV:  9    Int: 10    God:
Gold:   3          SH:  0    Dex: 14    Spells: 1/1 levels left

rFire   . . .        a - +3 dagger
rCold   . . .        (no shield)
rNeg    . . .        e - +0 leather armour
rPois   +            (no helmet)
rElec   .            (no cloak)
rCorr   .            (no gloves)
SInv    +            (no barding)
Will    .....        (no amulet)
Stlth   +++          (no ring)
HPRegen 0.24/turn    (no ring)
MPRegen 0.08/turn

%: no passive effects
@: very slow
A: AC +0, large, see invisible, deformed body, poison resistance, slowness 2,
spit poison 1, naga tail 1
a: Spit Poison


You were on level 1 of the Dungeon.
You visited 1 branch of the dungeon, and saw 1 of its levels.

You collected 3 gold pieces.

Inventory:

Hand Weapons
 a - a +3 dagger (weapon)
 b - a +0 quarterstaff
Armour
 e - a +0 leather armour (worn)
Scrolls
 f - a scroll of blinking
 g - a scroll of identify
Potions
 c - a potion of haste


   Skills:
 + Level 3.5 Fighting
 + Level 0.2 Short Blades
 + Level 1.1 Staves
 + Level 1.0 Throwing
 + Level 1.0 Armour
 + Level 1.0 Dodging
 + Level 4.8 Stealth


You had one spell level left.
You didn't know any spells.
Your spell library was empty.

Dungeon Overview and Level Annotations

Branches:
Dungeon (1/15)

Altars:


Innate Abilities, Weirdness & Mutations

Your serpentine skin is tough. (AC +0)
You have supernaturally acute eyesight. (SInv)
Armour fits poorly on your strangely shaped body.
Your system is resistant to poisons. (rPois)
You cover ground very slowly.
You can spit poison.
You have a snake-like lower body.


Message History

You hit the endoplasm.
The endoplasm is almost dead.
The hobgoblin barely misses you. The goblin hits you with a +0 dagger.
* * * LOW HITPOINT WARNING * * *
The endoplasm freezes you.
You are frozen.
* * * LOW HITPOINT WARNING * * *
The kobold throws a stone.
The stone hits you but does no damage.
You feel better.
You kill the endoplasm!
The hobgoblin barely misses you. The goblin hits you with a +0 dagger.
You barely miss the goblin.
The hobgoblin hits you but does no damage.
The goblin hits you with a +0 dagger.
You hit the goblin. You punch the goblin.
You kill the goblin!
You have got your breath back.
The hobgoblin hits you.
* * * LOW HITPOINT WARNING * * *
You hit the kobold.
The kobold is heavily wounded.
The hobgoblin hits you.
* * * LOW HITPOINT WARNING * * *
The kobold hits you but does no damage.
You hit the kobold.
The kobold is severely wounded.
The hobgoblin hits you.
* * * LOW HITPOINT WARNING * * *
The kobold hits you but does no damage.
You hit the kobold.
You kill the kobold!
The hobgoblin hits you but does no damage.
You hit the hobgoblin.
The hobgoblin is heavily wounded.
The hobgoblin hits you.
* * * LOW HITPOINT WARNING * * *
You closely miss the hobgoblin.
The hobgoblin is heavily wounded.
The hobgoblin hits you.
You die...

###...##...............
#.............#......
#......>......#......
#.............#......
#.............#......
#.............#......
#.............#......
#.............#......
#...@)........
#...)g......
#...........
#...........
.............
#....$......#.
#...........#
#............


You could see a hobgoblin.

Vanquished Creatures
  A bat (D:1)
  2 endoplasms (D:1)
  3 goblins (D:1)
  2 quokkas (D:1)
  A ball python (D:1)
  2 frilled lizards (D:1)
  3 kobolds (D:1)
  4 rats (D:1)
18 creatures vanquished.

Notes
Turn   | Place    | Note
-------+----------+-------------------------------------------
     0 | D:1      | CaptainMV the Naga Wanderer began the quest for the Orb.
     0 | D:1      | CaptainMV set off with the following items: a +3 dagger, a
                  | potion of haste, a +0 quarterstaff, a potion of curing, a
                  | +0 leather armour.
     0 | D:1      | Reached XP level 1. HP: 21/21 MP: 1/1
    50 | D:1      | Reached XP level 2. HP: 11/28 MP: 2/2
   536 | D:1      | Slain by a hobgoblin

Illustrated notes

Levels and vault maps discovered:
D:1:      ldierk_walled_garden_2, layout_basic,
          chequers_ecumenical_altar_island, bh_walls_and_bars

Action                     || total
---------------------------++-------
  Melee: Dagger            ||    35
         Quarterstaff      ||     8
         Punch             ||     1
Ability: Spit Poison       ||     5
    Use: Scroll            ||     1
         Potion            ||     1
   Stab: Sleeping          ||     4
 Armour: Leather armour    ||    12
  Dodge: Dodged            ||    21
